 Dungeon Crawl Stone Soup version 0.32-a0-131-g9dbbe29261 (webtiles) character file.

Game seed: 4430423633052625760

7805 Ceno the Frost Mage (level 11, 0/103 HPs)
             Began as a Naga Ice Elementalist on Feb 9, 2024.
             Was a Follower of Cheibriados.
             Slain by a yak (4 damage)
             ... summoned by a boggart
             ... on level 10 of the Dungeon.
             The game lasted 00:28:51 (11131 turns).

Ceno the Frost Mage (Naga Ice Elementalist)        Turns: 11131, Time: 00:28:51

Health: 0/103      AC: 14    Str: 14    XL:     11   Next: 21%
Magic:  12/17      EV: 14    Int: 21    God:    Cheibriados [*.....]
Gold:   552        SH:  0    Dex: 13    Spells: 8/18 levels left

rFire   . . .        k - +2 hand axe (elec)
rCold   . . .        (no shield)
rNeg    . . .        D - +0 acid dragon scales
rPois   +            n - +2 helmet
rElec   .            (no cloak)
rCorr   +            e - +2 pair of gloves
SInv    +            (no barding)
Will    ++...        (no amulet)
Stlth   ++           H - ring of willpower
HPRegen 0.37/turn    K - +5 ring of evasion
MPRegen 0.15/turn

%: no passive effects
@: marked, very slow
A: AC +3, large, see invisible, deformed body, poison resistance, slowness 2,
spit poison 1, naga tail 1
a: Spit Poison, Renounce Religion, Bend Time


You were on level 10 of the Dungeon.
You worshipped Cheibriados.
Cheibriados was aware of your devotion.
You visited 2 branches of the dungeon, and saw 11 of its levels.

You collected 552 gold pieces.

Inventory:

Hand Weapons
 k - a +2 hand axe of electrocution (weapon)
 r - a +1 hand axe of flaming
 u - a +2 war axe of flaming
 I - a +0 war axe
Missiles
 d - 78 stones (quivered)
 p - 9 poisoned darts
 B - a throwing net
Armour
 e - a +2 pair of gloves (worn)
 n - a +2 helmet (worn)
 D - +0 acid dragon scales (worn)
Jewellery
 i - a ring of positive energy
 w - a +5 ring of evasion
 H - a ring of willpower (left hand)
 K - a +5 ring of evasion (right hand)
Wands
 a - a wand of polymorph (14)
 o - a wand of iceblast (16)
 y - a wand of flame (32)
 F - a wand of digging (4)
 M - a wand of paralysis (3)
Scrolls
 c - 6 scrolls of teleportation
 g - 5 scrolls of identify
 h - 4 scrolls of revelation
 l - 4 scrolls of amnesia
 m - 2 scrolls of noise {unknown}
 s - 2 scrolls of blinking {unknown}
 v - a scroll of poison {unknown}
 z - a scroll of immolation {unknown}
 C - a scroll of enchant weapon {unknown}
 E - a scroll of fear {unknown}
 N - a scroll of fog {unknown}
Potions
 b - 2 potions of magic
 f - 2 potions of curing
 j - 4 potions of mutation
 t - 2 potions of enlightenment
 x - 2 potions of heal wounds
 A - a potion of haste
 G - 2 potions of lignification
 J - a potion of attraction
 L - 2 potions of brilliance


   Skills:
 + Level 8.2 Fighting
 * Level 9.6 Axes
 + Level 4.0 Armour
 - Level 1.5 Dodging
 - Level 5.0 Stealth
 - Level 4.0 Spellcasting
 - Level 10.0 Ice Magic


You had 8 spell levels left.
You knew the following spells:

 Your Spells              Type           Power      Damage    Failure   Level
a - Freeze                Ice            100%       1d10      1%          1
b - Frozen Ramparts       Ice            92%        1d14      1%          3
c - Ozocubu's Armour      Ice            46%        N/A       1%          3
d - Summon Ice Beast      Ice/Summ       25%        N/A       6%          3

Your spell library contained the following spells:

 Spells                   Type           Power      Damage    Failure   Level
 Ensorcelled Hibernation  Hex/Ice        50%        N/A       3%          2
 Summon Small Mammal      Summ           16%        N/A       17%         1
 Jinxbite                 Hex            8%         N/A       26%         2
 Call Canine Familiar     Summ           4%         N/A       45%         3
 Fugue of the Fallen      Necr           4%         N/A       45%         3
 Passwall                 Erth           4%         N/A       45%         3
 Swiftness                Air            4%         N/A       45%         3
 Tukima's Dance           Hex            4%         N/A       45%         3
 Anguish                  Hex/Necr       2%         N/A       86%         4
 Dimensional Bullseye     Hex/Tloc       2%         N/A       86%         4
 Iskenderun's Mystic Bla  Conj/Tloc      4%         2d3       86%         4
 Summon Blazeheart Golem  Fire/Summ      4%         N/A       86%         4
 Yara's Violent Unravell  Hex/Alch       2%         3d3       99%         5
 Enfeeble                 Hex            2%         N/A       100%        7


Dungeon Overview and Level Annotations

Branches:
Dungeon (10/15)            Temple (1/1) D:7
   Lair: D:8-11         Orc: D:9-12

Altars:
Cheibriados
Dithmenos
Elyvilon
Fedhas
Gozag
Hepliaklqana
Kikubaaqudgha
Makhleb
Nemelex Xobeh
Okawaru
Qazlal
Ru
Sif Muna
Trog
Uskayaw
Vehumet
Wu Jian
Xom
Yredelemnul
Zin
The Shining One

Shops:
D:1 !   D:8 [   D:10 (

Annotations:
D:5 1 runed translucent door, exclusion: ice beast, jboons's ghost, novice FoSu
D:6 Grinder
D:8 Gastronok; Jeremiah


Innate Abilities, Weirdness & Mutations

Your serpentine skin is tough. (AC +3)
You have supernaturally acute eyesight. (SInv)
Armour fits poorly on your strangely shaped body.
Your system is resistant to poisons. (rPois)
You cover ground very slowly.
You can spit poison.
You have a snake-like lower body.


Message History

The boggart casts a spell.
The boggart blinks!
The wyvern closely misses you.
A shadow comes into view.
The boggart barely misses you. The wyvern barely misses you.
There is an open door, spattered with blood here.
Things that are here:
a +0 dagger; a +0 robe; an orc corpse The boggart hits you but does no damage.
The boggart mumbles some strange words.
The boggart attacks as it pursues you! The boggart barely misses you.
The boggart hits you but does no damage. x2
The boggart mumbles some strange words.
The wyvern bites you.
* * * LOW HITPOINT WARNING * * *
The wyvern barely misses you. The wyvern attacks as it pursues you!
The wyvern barely misses you.
The boggart gestures wildly while chanting.
The wyvern bites you.
* * * LOW HITPOINT WARNING * * *
The wyvern misses you.
The boggart hits you but does no damage.
The wyvern bites you.
* * * LOW HITPOINT WARNING * * *
The boggart mumbles some strange words.
The boggart flickers and vanishes for a moment.
The wyvern barely misses you. The boggart misses you.
The boggart mumbles some strange words.
The wyvern completely misses you. The wyvern misses you.
The boggart casts a spell.
The boggart blinks!
The shadow slips into darkness.
The shadow flickers and vanishes for a moment.
The wyvern bites you!
* * * LOW HITPOINT WARNING * * *
There is a stone staircase leading up, spattered with blood here.
The wyvern misses you. The orc misses you. The wyvern closely misses you.
The yak gores you.
You die...
Cheibriados appreciates the motionlessness of death.

.. ############# ...
#...........# ..#
#.....Y.....# ...
#.....Yo@.∩.#
#.#######...>.gYkkg.#
...##...'.....ogD..l#
...##.###....Y.oo...#
...'..# #....W......#
...#### #####g#######
'### #o.Dg# )# ####o#
.# #.W......


You could see a komodo dragon (summoned), 4 yaks, a steam dragon (summoned), an
orc warrior (summoned), 2 wyverns, a shadow (invisible), 4 boggarts and 4 orcs.

Vanquished Creatures
  Harold (D:10)
  A two-headed ogre (D:8)
  Amaemon (D:9)
  Pikel (D:5)
  An orange demon (D:9)
  Maggie (D:6)
  Psyche (D:8)
  A hornet (D:10)
  Prince Ribbit (D:8)
  2 shadows
  Sigmund (D:5)
  A vampire (D:9)
  A steam dragon (D:9)
  A water moccasin (D:6)
  An ice beast (D:8)
  4 orc warriors
  A black bear (D:4)
  3 ogres
  2 centaurs
  2 lemures (D:5)
  2 phantoms
  A bullfrog (D:8)
  3 scorpions
  5 wights (D:8)
  5 killer bees (D:9)
  2 howler monkeys
  2 bombardier beetles
  6 orc priests
  5 hounds
  5 iguanas
  2 sleepcaps
  10 orc wizards
  5 gnolls
  13 adders
  A shadow imp (D:8)
  A white imp (D:5)
  4 ufetubi
  7 ribbon worms
  42 orcs
  10 endoplasms
  5 giant cockroaches
  9 goblins
  9 hobgoblins
  A jackal (D:4)
  8 quokkas
  6 ball pythons
  2 bats
  5 frilled lizards
  12 kobolds
  4 rats (D:1)
220 creatures vanquished.

Vanquished Creatures (collateral kills)
  A wyvern (D:6)
  An ogre (D:4)
  A centaur (D:7)
  A scorpion (D:4)
  A wight (D:8)
  A jelly (D:5)
  3 white imps
  2 orcs
  An endoplasm (D:6)
  3 jackals (D:4)
  A ball python (D:4)
16 creatures vanquished.

Vanquished Creatures (others)
  A boggart (D:10)
1 creature vanquished.

Grand Total: 237 creatures vanquished

Notes
Turn   | Place    | Note
-------+----------+-------------------------------------------
     0 | D:1      | Ceno the Naga Ice Elementalist began the quest for the Orb.
     0 | D:1      | Reached XP level 1. HP: 15/15 MP: 3/3
   301 | D:1      | Found Duunof's Distillery.
   347 | D:1      | Reached XP level 2. HP: 22/22 MP: 5/5
   651 | D:1      | Reached XP level 3. HP: 28/28 MP: 7/7
  1464 | D:2      | Learned a level 3 spell: Frozen Ramparts
  1468 | D:2      | Learned a level 3 spell: Ozocubu's Armour
  1641 | D:2      | Reached XP level 4. HP: 36/36 MP: 7/9
  1880 | D:2      | Found a faded altar of an unknown god.
  2203 | D:3      | Noticed a scorpion
  2219 | D:3      | Killed a scorpion
  2220 | D:3      | Reached skill level 5 in Stealth
  2220 | D:3      | Reached XP level 5. HP: 37/43 MP: 3/11
  2337 | D:3      | Reached skill level 1 in Fighting
  2337 | D:3      | Reached skill level 1 in Axes
  2349 | D:3      | Reached XP level 6. HP: 20/51 MP: 10/12
  2466 | D:3      | Learned a level 3 spell: Summon Ice Beast
  2491 | D:3      | Found a hide-covered altar of Uskayaw.
  2536 | D:3      | Found a burning altar of Makhleb.
  2856 | D:3      | Found an iron altar of Okawaru.
  2908 | D:3      | Reached skill level 5 in Ice Magic
  3176 | D:4      | Noticed a black bear
  3187 | D:4      | Killed a black bear
  3188 | D:4      | Reached XP level 7. HP: 61/61 MP: 10/13
  3371 | D:4      | Found a glowing golden altar of the Shining One.
  3386 | D:4      | Reached skill level 6 in Ice Magic
  4247 | D:4      | Reached XP level 8. HP: 58/69 MP: 5/14
  4342 | D:5      | Entered Level 5 of the Dungeon
  4568 | D:5      | Noticed Pikel
  4586 | D:5      | Killed Pikel
  4587 | D:5      | Reached skill level 7 in Ice Magic
  4824 | D:5      | Noticed Sigmund
  4870 | D:5      | Found a runed translucent door.
  4896 | D:5      | Noticed jboons's ghost (novice FoSu)
  4941 | D:5      | Reached skill level 8 in Ice Magic
  5250 | D:5      | Reached XP level 9. HP: 80/80 MP: 11/15
  5281 | D:5      | Killed Sigmund
  5282 | D:5      | Reached skill level 5 in Fighting
  5282 | D:5      | Reached skill level 5 in Axes
  5716 | D:6      | Reached skill level 9 in Ice Magic
  5866 | D:6      | Noticed Grinder
  6108 | D:6      | Found a hazy altar of Hepliaklqana.
  6441 | D:6      | Noticed Maggie
  6452 | D:6      | Killed Maggie
  6536 | D:6      | Found a sparkling altar of Nemelex Xobeh.
  6903 | D:7      | Found a staircase to the Ecumenical Temple.
  6908 | Temple   | Entered the Ecumenical Temple
  7025 | D:7      | Found a blossoming altar of Fedhas.
  7530 | D:7      | Found an ornate altar of the Wu Jian Council.
  7569 | D:7      | Found an opulent altar of Gozag.
  7805 | D:8      | Found Vuahuabi's Antique Armour Shop.
  7846 | D:8      | Reached skill level 10 in Ice Magic
  7860 | D:8      | Reached XP level 10. HP: 15/76 MP: 10/16
  8179 | D:8      | Noticed Prince Ribbit
  8268 | D:8      | Killed Prince Ribbit
  8269 | D:8      | Reached skill level 1 in Armour
  8707 | D:8      | Noticed Psyche
  8721 | D:8      | Killed Psyche
  8772 | D:8      | Noticed Gastronok
  8936 | D:8      | Noticed Jeremiah
  8966 | D:8      | Noticed a two-headed ogre
  8979 | D:8      | Killed a two-headed ogre
  8988 | D:8      | Found a shimmering blue altar of Sif Muna.
  9095 | D:8      | Found a shadowy altar of Dithmenos.
  9983 | D:9      | Noticed an orange demon
  9996 | D:9      | Killed an orange demon
 10138 | D:9      | Found a snail-covered altar of Cheibriados.
 10149 | D:9      | Became a worshipper of Cheibriados the Contemplative
 10199 | D:9      | Noticed Amaemon
 10223 | D:9      | Killed Amaemon
 10374 | D:9      | Found a basalt altar of Yredelemnul.
 10385 | D:9      | Reached XP level 11. HP: 99/103 MP: 10/17
 10640 | D:10     | Entered Level 10 of the Dungeon
 10640 | D:10     | Found Ximof's Weapon Shoppe.
 10995 | D:10     | Noticed Harold
 11098 | D:10     | Killed Harold
 11098 | D:10     | Reached * piety under Cheibriados
 11130 | D:10     | HP: 3/103 [wyvern[a boggart] (8)]
 11131 | D:10     | Slain by a yak

Illustrated notes

Levels and vault maps discovered:
D:1:      ncdulo_halloftheorcs, layout_basic, serial_shops,
          nicolae_shop_behind_doors, st_stairs_11
D:2:      layout_loops_corners, ebering_ecumenical_altar_hall,
          kennysheep_flooded_box, st_stairs_9, minmay_quantized
D:3:      cheibrodos_pilgrimage, layout_basic, mainiacjoe_overflow_boulevard,
          mainiacjoe_overflow_surrounded_room, mainiacjoe_overflow_alcove_2
D:4:      layout_loops_ring, nicolae_tso_carved_into_rock, minmay_quadrilaterals
D:5:      layout_loops_ring, ebering_ghost_reflecting_pool, bh_walls_and_bars,
          uniq_sigmund, uniq_pikel
D:6:      layout_loops_ring, general_overflow_altar, nemelex_dance_club_becter,
          uniq_grinder, uniq_maggie
D:7:      layout_cave_pools, nzn_wu_jian_contemplation,
          fedhas_bush_and_centaur_altar, mainiacjoe_overflow_six_doors_small,
          temple_doors_e, serial_rivers, chequers_serial_rivers_small_3,
          chequers_serial_rivers_micro_e, chequers_serial_rivers_marsh,
          chequers_serial_rivers_small_3
D:8:      layout_basic, mainiacjoe_overflow_alcove_1, kennysheep_mini_moat,
          serial_shops, shop, uniq_prince_ribbit1, uniq_jeremiah,
          uniq_gastronok, uniq_psyche
D:9:      layout_roguey, kennysheep_little_box, chei_slow_surprise, special_room
          [special_room_orc], uniq_amaemon
D:10:     layout_roguey, mainiacjoe_overflow_concentric_impassable,
          erik_lair_island, serial_shops, shop, kennysheep_nub,
          nicolae_concentric_dashed_squares_wild, st_stairs_4, uniq_harold
Temple:   nicolae_temple_godpark

Skill      XL: |  1  2  3  4  5  6  7  8  9 10 11 |
---------------+----------------------------------+-----
Stealth        | 4 5 |  5.0
Spellcasting   | 3 4 |  4.0
Fighting       | 1 2 3 4 6 7 8 |  8.2
Axes           | 1 2 3 4 6 9 |  9.6
Ice Magic      | 5 6 8 10 | 10.0
Armour         | 3 4 |  4.0
Dodging        | |  1.5

Action                     |  1- 3 |  4- 6 |  7- 9 | 10-12 || total
---------------------------+-------+-------+-------+-------++-------
  Melee: Unarmed           |     7 |       |       |       ||     7
         Hand axe          |     7 |    59 |   145 |   144 ||   355
         Punch             |       |     6 |     9 |    10 ||    25
  Throw: Stone             |     1 |     2 |       |     2 ||     5
   Cast: Freeze            |    30 |     6 |    11 |     4 ||    51
         Frozen Ramparts   |       |     8 |    23 |    19 ||    50
         Ozocubu's Armour  |       |     3 |    12 |    17 ||    32
         Summon Ice Beast  |       |     3 |    20 |    11 ||    34
 Invoke: Bend Time         |       |       |       |     1 ||     1
Ability: Spit Poison       |    31 |    27 |    33 |    14 ||   105
    Use: Scroll            |     1 |       |     7 |     7 ||    15
         Potion            |       |       |     2 |     2 ||     4
   Stab: Sleeping          |     1 |     2 |       |       ||     3
         Distracted        |       |       |       |     1 ||     1
 Armour: Robe              |    17 |    38 |   100 |       ||   155
         Acid dragon scale |       |       |    56 |   154 ||   210
  Dodge: Dodged            |    14 |    28 |    91 |   116 ||   249

Table legend: (Time is in decaauts)
 A = Elapsed time spent in this place.
 B = Non-inter-level travel time spent in this place.
 C = Inter-level travel time spent in this place.
 D = Time resting spent in this place.
 E = Time spent auto-exploring this place.
 F = Levels seen in this place.
 G = Mean time per level.
                   A        B        C        D        E       F      G
               +--------+--------+--------+--------+--------+-----+--------+
         Total |  14001 |  13532 |    469 |   1527 |   8968 |  11 | 1272.8 |
       Dungeon |  13999 |  13530 |    469 |   1527 |   8968 |  10 | 1399.9 |
        Temple |      1 |      1 |      0 |      0 |      0 |   1 |    1.0 |
               +--------+--------+--------+--------+--------+-----+--------+

Top non-repeatable levels by time:
     D:8: 2141 daAuts
     D:6: 1694 daAuts
     D:4: 1608 daAuts
     D:2: 1527 daAuts
     D:9: 1460 daAuts
     D:1: 1444 daAuts
     D:5: 1341 daAuts
     D:7: 1117 daAuts
     D:3: 1046 daAuts
    D:10: 617 daAuts
  Temple: 1 daAuts
